 Dungeon Crawl Stone Soup version 0.30.2 (webtiles) character file.

Game seed: 14001525566739980390

92 porpoise the Chopper (level 4, -2/41 HPs)
             Began as a Hill Orc Fighter on Apr 15, 2024.
             Killed by divine providence
             ... invoked by an orc priest
              (12 damage)
             ... on level 3 of the Dungeon.
             The game lasted 00:03:54 (1790 turns).

porpoise the Chopper (Hill Orc Fighter)             Turns: 1790, Time: 00:03:56

Health: -2/41      AC:  8    Str: 26    XL:     4   Next: 60%
Magic:  4/4        EV:  9    Int:  8    God:
Gold:   140        SH:  4    Dex: 10    Spells: 3/3 levels left

rFire   + . .        a - +0 war axe
rCold   + . .        c - +0 buckler
rNeg    . . .        b - +0 scale mail
rPois   .            (no helmet)
rElec   .            v - scarf {rC+ rF+}
rCorr   .            k - +0 pair of gloves
SInv    +            (no boots)
Will    .....        (no amulet) Stlth
                     j - ring of see invisible
HPRegen 0.26/turn    u - +6 ring of strength
MPRegen 0.09/turn

%: no passive effects
@: mighty
A: no striking features
a: Convert to Beogh


You were on level 3 of the Dungeon.
You visited 1 branch of the dungeon, and saw 3 of its levels.

You collected 140 gold pieces.

Inventory:

Hand Weapons
 a - a +0 war axe (weapon)
Missiles
 l - 5 datura-tipped darts (quivered)
 o - 4 poisoned darts
 s - 2 boomerangs
Armour
 b - a +0 scale mail (worn)
 c - a +0 buckler (worn)
 k - a +0 pair of gloves (worn)
 v - a scarf of resistance (worn)
Jewellery
 j - a ring of see invisible (left hand)
 u - a +6 ring of strength (right hand)
Scrolls
 f - a scroll of enchant armour {unknown}
 i - 2 scrolls of blinking {unknown}
 m - a scroll of teleportation {unknown}
 q - a scroll of fear {unknown}
 r - 2 scrolls of noise {unknown}
 t - 2 scrolls of identify {unknown}
Potions
 e - 2 potions of invisibility {unknown}
 g - 2 potions of attraction {unknown}
 h - a potion of haste {unknown}
 n - a potion of curing {unknown}
 p - a potion of degeneration {unknown}


   Skills:
 + Level 4.4 Fighting
 * Level 4.8 Axes
 - Level 3.2 Armour
 + Level 4.0 Shields


You had 3 spell levels left.
You didn't know any spells.
Your spell library contained the following spells:

 Spells                   Type           Power      Damage    Failure   Level
 Magic Dart               Conj           0%         1d3       75%         1
 Call Imp                 Summ           0%         N/A       87%         2
 Mephitic Cloud           Conj/Pois/Air  0%         N/A       98%         3


Dungeon Overview and Level Annotations

Branches:
Dungeon (3/15)

Altars:
Makhleb

Annotations:
D:3 Ijyb


Message History

The orc priest threatens, "By the altar or by the axe, you will meet Beogh!"
The orc shouts!
You hit Ijyb.
Ijyb is moderately wounded.
You slash the orc priest!
The orc priest threatens, "By the altar or by the axe, you will meet Beogh!"
The orc priest shouts, "Join the one true god or die!"
Ijyb closely misses you.
The orc priest hits you with a +0 short sword.
Ijyb closely misses you.
The orc priest hits you but does no damage.
The orc priest threatens, "By the altar or by the axe, you will meet Beogh!"
You feel very mighty all of a sudden. Ijyb hits you but does no damage.
The orc priest mumbles some strange prayers to Beogh against you.
You barely resist.
The orc priest shouts, "Beogh is our master!
Accept the truth or die!"
You closely miss the orc priest.
The orc priest is severely wounded.
You closely miss Ijyb. Ijyb screams, "Me stronger than you!"
Ijyb zaps a wand.
Your mind is blasted!
The orc priest misses you.
An orc opens the door.
The orc priest calls down the wrath of Beogh upon you.
Beogh smites you!
* * * LOW HITPOINT WARNING * * *
The orc shouts!
The orc priest shouts, "Join the one true god or die!"
You slash the orc priest!
The orc priest is almost dead.
You barely miss Ijyb. You closely miss the orc priest.
The orc priest shouts, "Join the one true god or die!"
The orc priest threatens, "By the altar or by the axe, you will meet Beogh!"
Ijyb barely misses you.
The orc priest calls upon Beogh to heal the orc priest.
The orc priest shouts, "Join the one true god or die!"
The orc priest is healed somewhat.
The orc priest calls down the wrath of Beogh upon you.
Beogh smites you!
You die...

..)...'..#
......##.#########
.###.###.........# ##
#.# #.#######.# #.#
#.# #.# #.# #.# #.#
#.# ### #####.# #.#
#.....#
####.#######...o@#
................og..#
...#.#######.?..o...#
.....# ##'#o....#
...### .o.......#
...# ........... ...#
... .....#... ...#
.........#...# ####


You could see Ijyb, 3 orc priests and 2 orcs.

Vanquished Creatures
  4 adders (D:2)
  4 worms
  An endoplasm (D:1)
  2 giant cockroaches
  5 goblins
  7 hobgoblins
  5 kobolds
  3 quokkas
  4 ball pythons
  5 bats
  A frilled lizard (D:2)
  2 rats
43 creatures vanquished.

Notes
Turn   | Place    | Note
-------+----------+-------------------------------------------
     0 | D:1      | porpoise the Hill Orc Fighter began the quest for the Orb.
     0 | D:1      | Reached XP level 1. HP: 19/19 MP: 1/1
    10 | D:1      | Found a faded altar of an unknown god.
    96 | D:1      | Reached XP level 2. HP: 27/27 MP: 2/2
   833 | D:2      | Reached XP level 3. HP: 33/33 MP: 3/3
   835 | D:2      | You fall into a shaft and drop 1 floor!
  1048 | D:2      | Reached XP level 4. HP: 34/40 MP: 4/4
  1089 | D:2      | Found a burning altar of Makhleb.
  1778 | D:3      | Noticed Ijyb
  1790 | D:3      | Killed from afar by an orc priest

Illustrated notes

Levels and vault maps discovered:
D:1:      mrwooster_arrival_statue_2, layout_basic, serial_rivers,
          chequers_serial_rivers_small_3, chequers_serial_rivers_micro_d,
          chequers_serial_rivers_room_a, chequers_serial_rivers_marsh,
          chequers_serial_rivers_small_a, basic_ecumenical_altar
D:2:      layout_rooms, basic_altar, minmay_misc_feat_columns, minivault_24
D:3:      layout_basic, uniq_ijyb

Skill      XL: |  1  2  3  4 |
---------------+-------------+-----
Axes           | 3 4 |  4.8
Fighting       | 4 |  4.4
Shields        | 4 |  4.0
Armour         | |  3.2

Action                     |  1- 3 |  4- 6 || total
---------------------------+-------+-------++-------
  Melee: War axe           |    74 |    52 ||   126
    Use: Potion            |       |     1 ||     1
 Armour: Scale mail        |    43 |    22 ||    65
  Dodge: Dodged            |    41 |    23 ||    64
  Block: Buckler           |    20 |     8 ||    28
